 Dungeon Crawl Stone Soup version 0.26.0-9-gab577f9fc5 (webtiles) character file.

Game seed: 14803133610749139598

3129 Delamore the Basher (level 9, -3/54 HPs)
             Began as a Gargoyle Fighter on Jan 13, 2021.
             Was a Follower of Okawaru.
             Slain by an orc warrior
             ... wielding a +0 halberd
              (17 damage)
             ... in a bailey.
             The game lasted 00:06:44 (6068 turns).

Delamore the Basher (Gargoyle Fighter)              Turns: 6068, Time: 00:06:45

Health: -3/54      AC: 17    Str: 24    XL:     9   Next: 92%
Magic:  8/9        EV:  6    Int: 12    God:    Okawaru [*.....]
Gold:   456        SH: 10    Dex:  9    Spells: 8/8 levels left

rFire    . . .     SeeInvis .   z - +3 mace "Rurghanef" {vorpal, Will+ Int+4}
rCold    . . .     Faith    .   c - +0 kite shield
rNeg     + . .     Spirit   .   y - +0 chain mail
rPois    ∞         Reflect  .   (no helmet)
rElec    +         Harm     .   m - +0 cloak
rCorr    .         Rampage  .   e - +0 pair of gloves (curse)
Will     +....                  (no boots)
Stlth    ..........             l - amulet of regeneration
HPRegen  0.58/turn              (no ring)
MPRegen  0.11/turn              (no ring)

@: flying
A: negative energy resistance 1, electricity resistance, unbreathing,
petrification resistance, miasma immunity, AC +6
a: Renounce Religion, Heroism


You were in a bailey.
You worshipped Okawaru.
Okawaru was aware of your devotion.
You visited 2 branches of the dungeon, and saw 8 of its levels.
You also visited: Sewer and Bailey.

You collected 456 gold pieces.

Inventory:

Hand Weapons
 a - a +0 flail
 n - a +0 morningstar
 z - the +3 mace "Rurghanef" (weapon) {vorpal, Will+ Int+4}
   (You found it on level 5 of the Dungeon)

   It inflicts extra damage upon your enemies.
   It affects your intelligence (+4).
   It affects your willpower, your defense against some magical effects.
Missiles
 r - 6 curare-tipped darts (quivered)
 u - 73 poisoned darts
Armour
 c - a +0 kite shield (worn)
 e - a cursed +0 pair of gloves (worn)
 m - a +0 cloak (worn)
 y - a +0 chain mail (worn)
 D - a +0 plate armour
Jewellery
 l - an amulet of regeneration (around neck)
Wands
 G - a wand of enslavement (5)
Scrolls
 b - a scroll of fog
 f - a scroll of fear {unknown}
 g - 2 scrolls of blinking
 j - 4 scrolls of teleportation
 k - a scroll of remove curse
 o - a scroll of immolation
 v - 2 scrolls of noise
 w - a scroll of enchant weapon
 x - a scroll of enchant armour
 B - a scroll of magic mapping {unknown}
 F - a scroll of identify
 H - a scroll of amnesia {unknown}
Potions
 d - a potion of might
 h - 4 potions of flight
 i - 6 potions of lignification
 p - 2 potions of haste {unknown}
 q - 5 potions of heal wounds
 s - 5 potions of curing {unknown}
 t - 2 potions of ambrosia {unknown}
 A - a potion of degeneration {unknown}
 C - 2 potions of magic {unknown}
 E - 2 potions of cancellation {unknown}


   Skills:
 - Level 5.0 Fighting
 + Level 12.4 Maces & Flails
 - Level 3.2 Armour
 - Level 5.0 Shields


You had 8 spell levels left.
You didn't know any spells.
Your spell library was empty.

Dungeon Overview and Level Annotations

Branches:
Dungeon (7/15)             Temple (1/1) D:7           Sewer (visited)
 Bailey (1/1)

Altars:
Ashenzari
Dithmenos
Elyvilon
Fedhas
Gozag
Hepliaklqana
Makhleb
Okawaru
Sif Muna
Trog
Uskayaw
Vehumet
Wu Jian
Yredelemnul
The Shining One


Innate Abilities, Weirdness & Mutations

You are resistant to torment.
Your stone body is resilient. (AC +6)
You are immune to poison.
You resist negative energy. (rN+)
You are resistant to electric shocks. (rElec)
You can survive without breathing.
You are immune to petrification.
You are immune to miasma.


Message History

The orc barely misses you.
You sock the orc warrior!
The orc warrior is moderately wounded.
An orc warrior comes into view. It is wielding a -2 arbalest.
You block the orc warrior's attack. You block the orc's attack.
The orc warrior shouts!
You hit the orc warrior but do no damage.
The orc warrior is moderately wounded.
The orc knight roars a battlecry!
The orcs go into a battle-frenzy!
The orc warrior shoots a bolt.
You block the bolt.
The orc warrior hits you but does no damage.
You feel like a meek peon again. The orc closely misses you.
You see here 2 bolts.
The orc hits you but does no damage.
The orc warrior shoots a bolt.
The bolt hits you!
* * * LOW HITPOINT WARNING * * *
The orc warrior hits you from afar with a +0 halberd!
You die...

## ##### ##∩##
####
.....##...##..o.
.≈≈≈..#...#..≈≈≈
≈≈o≈≈.......≈≈o≈
≈.oo≈.......≈oo
≈≈o≈≈.)o.o..≈≈o
#(..# #(@.#
##∩## ###


You could see an orc knight, 4 orc warriors and 2 orcs.

Vanquished Creatures
  Prince Ribbit (D:5)
  2 orc warriors
  Duvessa (D:5)
  An ice beast (D:7)
  A sky beast (D:5)
  A black bear (D:7)
  3 ogres
  2 phantoms (D:5)
  2 centaurs
  4 big kobolds
  2 bullfrogs
  Dowan (D:5)
  The ghost of rabbi the Skirmisher, a weakling OgBe of Trog (D:3)
  2 scorpions
  4 wights (D:7)
  3 howler monkeys
  3 hounds
  Crazy Yiuf (D:5)
  A bullfrog skeleton (D:2)
  2 jellies
  3 orc priests
  3 orc wizards
  2 iguanas
  Terence (D:3)
  Natasha (D:4)
  6 worker ants
  A howler monkey skeleton (D:5)
  3 gnolls (D:7)
  9 adders
  A river rat (Sewer)
  A white imp (D:6)
  An ufetubus (D:6)
  2 oozes
  2 adder skeletons (D:6)
  4 worms
  A dart slug (D:2)
  5 leopard geckos
  21 orcs
  3 ball pythons
  4 giant cockroaches
  9 goblins
  6 hobgoblins
  13 jackals
  4 quokkas
  10 bats
  4 frilled lizards
  A giant cockroach zombie (D:3)
  A jackal zombie (D:5)
  18 kobolds
  A quokka zombie (D:3)
  15 rats
194 creatures vanquished.

Notes
Turn   | Place    | Note
-------+----------+-------------------------------------------
     0 | D:1      | Delamore the Gargoyle Fighter began the quest for the Orb.
     0 | D:1      | Reached XP level 1. HP: 14/14 MP: 1/1
   110 | D:1      | Reached XP level 2. HP: 19/19 MP: 2/2
   633 | D:1      | Reached XP level 3. HP: 24/24 MP: 3/3
  1126 | D:2      | Found a hazy altar of Hepliaklqana.
  1126 | D:2      | Found a shadowy altar of Dithmenos.
  1128 | D:2      | Noticed a shadow
  1293 | D:2      | Found a burning altar of Makhleb.
  1294 | D:2      | Found an opulent altar of Gozag.
  1611 | D:2      | Reached skill level 3 in Maces & Flails
  1611 | D:2      | Reached XP level 4. HP: 29/29 MP: 4/4
  2007 | D:3      | Noticed Terence
  2020 | D:3      | Killed Terence
  2022 | D:3      | Reached XP level 5. HP: 31/34 MP: 5/5
  2721 | D:3      | Found a runed translucent gate.
  2721 | D:3      | Found a runed translucent gate.
  2721 | D:3      | Found a runed translucent gate.
  2722 | D:3      | Noticed rabbi's ghost (weakling OgBe)
  2765 | D:3      | Killed rabbi's ghost
  2766 | D:3      | Reached skill level 5 in Fighting
  2766 | D:3      | Reached skill level 4 in Maces & Flails
  2766 | D:3      | Reached skill level 5 in Shields
  2766 | D:3      | Reached XP level 6. HP: 30/40 MP: 6/6
  3594 | D:4      | Found a white marble altar of Elyvilon.
  3723 | D:4      | Found a hide-covered altar of Uskayaw.
  3723 | D:4      | Noticed Natasha
  3732 | D:4      | Killed Natasha
  3733 | D:4      | Reached skill level 5 in Maces & Flails
  4074 | D:5      | Entered Level 5 of the Dungeon
  4091 | D:5      | Reached XP level 7. HP: 44/44 MP: 7/7
  4160 | D:5      | Noticed Prince Ribbit
  4162 | D:5      | Noticed Duvessa
  4162 | D:5      | Noticed Dowan
  4173 | D:5      | Killed Duvessa
  4174 | D:5      | Reached skill level 6 in Maces & Flails
  4180 | D:5      | Killed Dowan
  4212 | D:5      | Reached skill level 7 in Maces & Flails
  4239 | D:5      | Reached XP level 8. HP: 31/49 MP: 8/8
  4416 | D:5      | Got a shimmering mace
  4417 | D:5      | Identified the +3 mace "Rurghanef" {vorpal, Will+ Int+4}
                  | (You found it on level 5 of the Dungeon)
  4441 | D:5      | Killed Prince Ribbit
  4442 | D:5      | Reached skill level 8 in Maces & Flails
  4648 | D:5      | Reached skill level 9 in Maces & Flails
  4870 | D:5      | Found a runed translucent door.
  4871 | D:5      | Noticed Crazy Yiuf
  4903 | D:5      | Killed Crazy Yiuf
  4954 | D:6      | Found a radiant altar of Vehumet.
  5005 | D:6      | Found a glowing drain.
  5014 | D:6      | Reached skill level 10 in Maces & Flails
  5027 | Sewer    | Entered a sewer
  5085 | Sewer    | Reached XP level 9. HP: 54/54 MP: 9/9
  5124 | Sewer    | Found a white marble altar of Elyvilon.
  5555 | D:6      | Found a broken altar of Ashenzari.
  5557 | D:6      | Found a glowing golden altar of the Shining One.
  5667 | D:7      | Found a staircase to the Ecumenical Temple.
  5681 | Temple   | Entered the Ecumenical Temple
  5688 | Temple   | Became a worshipper of Warmaster Okawaru
  5752 | D:7      | Reached skill level 11 in Maces & Flails
  5858 | D:7      | Reached * piety under Okawaru
  5910 | D:7      | Reached skill level 12 in Maces & Flails
  6007 | D:7      | Found a basalt altar of Yredelemnul.
  6007 | D:7      | Found an ornate altar of the Wu Jian Council.
  6037 | D:7      | Found a flagged portal.
  6048 | Bailey   | Entered a bailey
  6048 | Bailey   | Noticed an orc knight
  6068 | Bailey   | Slain by an orc warrior

Illustrated notes

Levels and vault maps discovered:
D:1:      lemuel_arrival_river_passageway, layout_basic
D:2:      layout_basic, riverfiend_overflow_shadow_ancestor,
          gammafunk_temple_overflow_statue
D:3:      lemuel_upstairs_altar, layout_basic, gammafunk_ghost_necromancy,
          uniq_terence
D:4:      layout_basic, overflow_temple_1_default, kennysheep_mini, uniq_natasha
D:5:      layout_loops_ring, uniq_prince_ribbit1, uniq_crazy_yiuf_cottage,
          uniq_duvessa
D:6:      layout_gridville, fiery_altar_vehumet, nicolae_overflow_hidden_temple,
          portal_sewer_entry_a
D:7:      kennysheep_spiral_hall, layout_loops_ring,
          gammafunk_temple_overflow_pools,
          minmay_temple_entry_statues_fountains, enter_bailey_2, serial_shops,
          nicolae_shop_behind_doors, chequers_mini_garden,
          minmay_misc_feat_doors, minmay_misc_feat_room
Temple:   compressed_dpeg_triangle_lava_temple
Bailey:   bailey_polearm_4, bailey

Skill      XL: |  1  2  3  4  5  6  7  8  9 |
---------------+----------------------------+-----
Fighting       | 4 5 |  5.0
Shields        | 4 5 |  5.0
Maces & Flails | 3 4 5 7 10 12 | 12.4
Armour         | |  3.2

Action                   |  1- 3 |  4- 6 |  7- 9 || total
-------------------------+-------+-------+-------++-------
Melee: Flail             |   128 |   317 |    55 ||   500
       Mace              |       |       |   297 ||   297
Throw: Dart              |       |       |    35 ||    35
Invok: Heroism           |       |       |     1 ||     1
  Use: Scroll            |       |       |     8 ||     8
       Potion            |       |       |     3 ||     3
Armor: Scale mail        |    73 |   256 |    33 ||   362
       Chain mail        |       |       |   147 ||   147
       Skin              |       |       |     1 ||     1
Dodge: Dodged            |    51 |   149 |    77 ||   277
Block: Kite shield       |    73 |   258 |   177 ||   508
